 Dungeon Crawl Stone Soup version 0.32-a0-576-g706899e69d (webtiles) character file.

Game seed: 17492554007578925837

22 BeKind the Ducker (level 2, -3/21 HPs)
             Began as an Octopode Fighter on Mar 2, 2024.
             Was a Follower of Ru.
             Slain by a gnoll
             ... wielding a +0 halberd
              (8 damage)
             ... on level 2 of the Dungeon.
             The game lasted 00:01:19 (1190 turns).

BeKind the Ducker (Octopode Fighter)                Turns: 1190, Time: 00:01:20

Health: -3/21      AC:  1    Str: 15    XL:     2   Next: 91%
Magic:  2/2        EV: 13    Int: 10    God:    Ru [*.....]
Gold:   86         SH:  4    Dex: 11    Spells: 1/1 levels left

rFire   . . .        a - +0 trident
rCold   + . .        b - +0 buckler
rNeg    . . .        (helmet restricted)
rPois   .            (no amulet)
rElec   .            g - ring of protection from cold
rCorr   .            (no ring)
SInv    .            (no ring)
Will    .....        (no ring)
Stlth   ++           (no ring)
HPRegen 0.23/turn    (no ring)
MPRegen 0.08/turn    (no ring)
                     (no ring)

%: no passive effects
@: mighty
A: almost no armour, amphibious, 8 rings, camouflage 1, gelatinous body 1,
weak-willed 1, (nimble swimmer 1), tentacles
a: Renounce Religion


You were on level 2 of the Dungeon.
You worshipped Ru.
Ru was aware of your devotion.
You visited 1 branch of the dungeon, and saw 2 of its levels.

You collected 86 gold pieces.

Inventory:

Hand Weapons
 a - a +0 trident (weapon)
Armour
 b - a +0 buckler (worn)
Jewellery
 g - a ring of protection from cold (left tentacle)
 m - a +6 ring of dexterity
Wands
 l - a wand of polymorph (11)
Scrolls
 e - a scroll of teleportation {unknown}
 h - a scroll of silence {unknown}
 i - a scroll of poison {unknown}
Potions
 d - a potion of resistance {unknown}
 f - 4 potions of curing {unknown}
 j - a potion of haste {unknown}
 k - a potion of ambrosia {unknown}


   Skills:
 + Level 3.2 Fighting
 + Level 2.3 Polearms
 + Level 3.2 Dodging
 + Level 3.2 Shields


You had one spell level left.
You didn't know any spells.
Your spell library was empty.

Dungeon Overview and Level Annotations

Branches:
Dungeon (2/15)

Altars:
Ru

Shops:
D:2 :


Innate Abilities, Weirdness & Mutations

You cannot wear most types of armour.
You are amphibious.
You can wear up to eight rings at the same time.
Your skin changes colour to match your surroundings (Stealth+).
Your rubbery body absorbs attacks. (AC +1, EV +1)
You are slightly weak-willed. (Will-)
((You are camouflaged when in or above water. (Stealth+)))
You have tentacles for arms and can constrict up to eight enemies at once.


Message History

You reach to attack!
You hit the goblin.
The goblin is severely wounded.
A goblin is nearby!
You barely miss the goblin. You grab the goblin.
The goblin is severely wounded.
You constrict the goblin.
You kill the goblin! 2 gnolls come into view.
The gnoll shouts!
You hear a shout!
There are monsters nearby!
The gnoll closely misses you.
A gnoll comes into view. It is wielding a +0 flail.
There are monsters nearby!
You reach to attack!
You puncture the gnoll!
The gnoll is heavily wounded.
You block the gnoll's attack.
The gnoll hits you from afar with a +0 halberd.
There are monsters nearby!
You reach to attack!
You hit the gnoll.
The gnoll is severely wounded.
The gnoll hits you from afar with a +0 halberd!
* * * LOW HITPOINT WARNING * * *
The gnoll barely misses you.
There are monsters nearby!
You are too injured to fight recklessly!
You are too injured to fight recklessly!
You are too injured to fight recklessly!
You are too injured to fight recklessly!
You feel very mighty all of a sudden. You block the gnoll's attack. x2
Reach: a) +0 trident
Press: ? - help, Dir - move target, f/p - gnoll
Aim: a gnoll, wielding a +0 halberd (severely wounded, about 40% to evade your +0 trident)
You reach to attack!
You barely miss the gnoll.
The gnoll is severely wounded.
The gnoll hits you from afar with a +0 halberd.
* * * LOW HITPOINT WARNING * * *
The gnoll hits you from afar with a +0 halberd!
You die...
Ru respects your ultimate sacrifice.

...........#..#....#
#############..##.#.#
#. ...........##.#.#
.###########.##.#.#
...... #.##.#.#
#....###.##<##.#.#
#ggg...#.##.##.#.##
#...##.#.##.##.#...
#.@.##.#.##.##.####
#...##.#.##.##.....
#......#.##.#######
#......#.##.#####
............#......+
####.#..#.#....#####
...#..#...#)##
.......#.#.#.#
.#####..#.#.#.#


You could see 3 gnolls.

Vanquished Creatures
  A ball python (D:1)
  2 bats
  An endoplasm (D:2)
  4 goblins
  2 hobgoblins (D:1)
  2 quokkas (D:1)
  2 frilled lizards
  2 kobolds (D:1)
  3 rats
  A spectral kobold (D:2)
20 creatures vanquished.

Notes
Turn   | Place    | Note
-------+----------+-------------------------------------------
     0 | D:1      | BeKind the Octopode Fighter began the quest for the Orb.
     0 | D:1      | Reached XP level 1. HP: 16/16 MP: 1/1
   337 | D:1      | Reached XP level 2. HP: 21/21 MP: 2/2
  1026 | D:2      | Found a faded altar of an unknown god.
  1035 | D:2      | Prayed at the altar of an unknown god.
  1035 | D:2      | Became a worshipper of Ru the Awakened
  1049 | D:2      | Gained mutation: You are slightly weak-willed. (Will-) [Ru
                  | sacrifice]
  1049 | D:2      | Reached * piety under Ru
  1131 | D:2      | Found Joexo's Book Shop.
  1190 | D:2      | Slain by a gnoll

Illustrated notes

Levels and vault maps discovered:
D:1:      heliophobic_arrival_dark_side_of_the_moon, layout_rooms, st_stairs_12
D:2:      layout_basic, dreamdust_ecumenical_altar_drowned_temple, serial_shops,
          shop, shop, nrook_uturn, bh_walls_and_bars

Action                     || total
---------------------------++-------
  Melee: Trident           ||    34
         Constrict         ||     6
         Tentacles         ||     4
 Invoke: Sacrifice Essence ||     1
    Use: Potion            ||     1
   Stab: Sleeping          ||     6
 Armour: Skin              ||    10
  Dodge: Dodged            ||     9
  Block: Buckler           ||     7

Table legend: (Time is in decaauts)
 A = Elapsed time spent in this place.
 B = Non-inter-level travel time spent in this place.
 C = Inter-level travel time spent in this place.
 D = Time resting spent in this place.
 E = Time spent auto-exploring this place.
 F = Levels seen in this place.
 G = Mean time per level.
                   A        B        C        D        E       F      G
               +--------+--------+--------+--------+--------+-----+--------+
         Total |   1196 |   1003 |    193 |      0 |    867 |   2 |  598.0 |
       Dungeon |   1196 |   1003 |    193 |      0 |    867 |   2 |  598.0 |
               +--------+--------+--------+--------+--------+-----+--------+

Top non-repeatable levels by time:
     D:1: 718 daAuts
     D:2: 478 daAuts
